 Dungeon Crawl Stone Soup version 0.27-a0-1180-g7fc4abc71e (webtiles) character file.

Game seed: 6088557221624182435

919 LabCoat the Cleaver (level 8, -1/67 HPs)
             Began as a Hill Orc Fighter on May 17, 2021.
             Slain by Pikel
             ... wielding a +0 whip of freezing
              (11 damage)
             ... on level 5 of the Dungeon.
             The game lasted 00:14:10 (4700 turns).

LabCoat the Cleaver (Hill Orc Fighter)              Turns: 4700, Time: 00:14:12

Health: -1/67      AC: 12    Str: 21    XL:     8   Next: 9%
Magic:  8/8        EV:  5    Int:  8    God:
Gold:   245        SH: 11    Dex: 10    Spells: 7/7 levels left

rFire    . . .     SeeInvis .   a - +1 war axe
rCold    . . .     Faith    .   c - +1 kite shield
rNeg     . . .     Spirit   .   s - +0 chain mail
rPois    .         Reflect  .   (no helmet)
rElec    .         Harm     .   f - +0 cloak
rCorr    .         Rampage  .   (no gloves)
Will     .....                  j - +0 pair of boots
Stlth    ..........             (no amulet)
HPRegen  0.21/turn              (no ring)
MPRegen  0.11/turn              (no ring)

@: no status effects
A: no striking features
a: no special abilities


You were on level 5 of the Dungeon.
You visited 1 branch of the dungeon, and saw 5 of its levels.

You collected 245 gold pieces.

Inventory:

Hand Weapons
 a - a +1 war axe (weapon)
 e - a +0 mace
Missiles
 i - a curare-tipped dart
 l - a boomerang (quivered)
 r - 6 boomerangs of dispersal
 t - 7 poisoned darts
Armour
 c - a +1 kite shield (worn)
 f - a +0 cloak (worn)
 j - a +0 pair of boots (worn)
 s - a +0 chain mail (worn)
Jewellery
 m - a ring of poison resistance
 q - a +6 ring of strength
Wands
 g - a wand of digging (3)
Scrolls
 b - a scroll of magic mapping
 d - a scroll of teleportation
 h - a scroll of brand weapon
 n - a scroll of fear
 p - 3 scrolls of blinking
Potions
 k - 2 potions of magic
 o - 2 potions of curing
 u - a potion of mutation {unknown}


   Skills:
 + Level 4.7 Fighting
 * Level 9.2 Axes
 + Level 1.0 Throwing
 + Level 5.1 Armour
 + Level 5.0 Shields


You had 7 spell levels left.
You didn't know any spells.
Your spell library contained the following spells:

 Spells                   Type           Power      Damage    Failure   Level
 Summon Small Mammal      Summ           0%         N/A       100%        1
 Call Imp                 Summ           0%         N/A       100%        2
 Call Canine Familiar     Summ           0%         N/A       100%        3
 Summon Guardian Golem    Hex/Summ       0%         N/A       100%        3
 Summon Ice Beast         Ice/Summ       0%         N/A       100%        4
 Summon Lightning Spire   Summ/Air       0%         N/A       100%        4


Dungeon Overview and Level Annotations

Branches:
Dungeon (5/15)
 Temple: D:4-7

Altars:
Nemelex Xobeh
Ru

Annotations:
D:5 Pikel


Message History

Pikel is severely wounded.
Pikel barely misses you.
You barely miss Pikel.
Pikel is severely wounded.
Pikel closely misses you.
You hit Pikel.
Pikel is severely wounded.
You block Pikel's attack.
You closely miss Pikel.
Pikel is severely wounded.
Pikel hits you with a +0 whip of freezing.
Pikel freezes you.
Pikel hits you with a +0 whip of freezing.
* * * LOW HITPOINT WARNING * * *
Pikel freezes you.
* * * LOW HITPOINT WARNING * * *
You closely miss Pikel.
Pikel is severely wounded.
Pikel hits you with a +0 whip of freezing.
* * * LOW HITPOINT WARNING * * *
Pikel freezes you.
* * * LOW HITPOINT WARNING * * *
You feel better. You block Pikel's attack.
You slash Pikel!
Pikel is almost dead.
You block Pikel's attack.
You closely miss Pikel.
Pikel is almost dead.
Pikel hits you with a +0 whip of freezing.
* * * LOW HITPOINT WARNING * * *
Pikel freezes you.
* * * LOW HITPOINT WARNING * * *
You closely miss Pikel.
Pikel is almost dead.
Pikel hits you with a +0 whip of freezing.
* * * LOW HITPOINT WARNING * * *
Pikel freezes you.
* * * LOW HITPOINT WARNING * * *
Pikel hits you with a +0 whip of freezing!
You die...

..##.# #.# #..#####... ..##.#
#.# #.......... ..##.#
#.#########.......... ..##.#
#...........#........ .. #.#
################........
##'#####.......# #........
#......#.......# #........
#......#.......##############..
#......'......@K555... #..
#......#.......######. #..
#......#.......# ###
########.......# #.......#
#.......# #########


You could see Pikel (strong) and 3 lemures.

Vanquished Creatures
  An orc warrior (D:4)
  3 ogres
  A lemure (D:5)
  A scorpion (D:4)
  A water moccasin skeleton (D:4)
  2 hounds
  A jelly (D:5)
  Jessica (D:2)
  An iguana (D:5)
  Natasha (D:4)
  3 orc wizards
  A hound skeleton (D:4)
  15 adders
  An adder skeleton (D:4)
  A worm (D:2)
  2 dart slugs
  9 orcs
  15 ball pythons
  8 endoplasms
  4 giant cockroaches
  6 goblins
  6 hobgoblins
  2 bats
  5 frilled lizards
  6 kobolds
  7 rats
104 creatures vanquished.

Notes
Turn   | Place    | Note
-------+----------+-------------------------------------------
     0 | D:1      | LabCoat the Hill Orc Fighter began the quest for the Orb.
     0 | D:1      | Reached XP level 1. HP: 19/19 MP: 1/1
   310 | D:1      | Reached XP level 2. HP: 23/27 MP: 2/2
   317 | D:1      | Reached skill level 3 in Axes
   885 | D:2      | Reached XP level 3. HP: 33/33 MP: 3/3
   981 | D:2      | Reached skill level 4 in Axes
  1297 | D:2      | Noticed Jessica
  1306 | D:2      | Killed Jessica
  1307 | D:2      | Reached XP level 4. HP: 36/40 MP: 4/4
  1643 | D:2      | Reached skill level 5 in Axes
  1643 | D:2      | Reached XP level 5. HP: 42/46 MP: 5/5
  1977 | D:3      | Noticed an ogre
  1985 | D:3      | Killed an ogre
  1986 | D:3      | Reached skill level 6 in Axes
  2094 | D:3      | Found a sacrificial altar of Ru.
  2157 | D:3      | Reached XP level 6. HP: 47/52 MP: 6/6
  2196 | D:3      | Found a faded altar of an unknown god.
  2248 | D:3      | Found a sparkling altar of Nemelex Xobeh.
  3128 | D:4      | Noticed an orc warrior
  3153 | D:4      | Killed an orc warrior
  3154 | D:4      | Reached skill level 7 in Axes
  3154 | D:4      | Reached XP level 7. HP: 10/60 MP: 7/7
  3622 | D:4      | Noticed Natasha
  3626 | D:4      | Killed Natasha
  4023 | D:4      | Reached skill level 8 in Axes
  4160 | D:4      | Reached skill level 5 in Armour
  4234 | D:5      | Entered Level 5 of the Dungeon
  4466 | D:5      | Reached skill level 9 in Axes
  4466 | D:5      | Reached skill level 1 in Throwing
  4466 | D:5      | Reached XP level 8. HP: 32/67 MP: 8/8
  4468 | D:5      | Reached skill level 5 in Shields
  4679 | D:5      | Noticed Pikel
  4700 | D:5      | Slain by Pikel

Illustrated notes

Levels and vault maps discovered:
D:1:      lightli_arrival_chessboard, layout_loops_ring, minmay_tetromino_s2
D:2:      layout_loops_cross, minmay_between, uniq_jessica
D:3:      layout_basic, nicolae_overflow_crystal_walls,
          nicolae_ru_the_path_less_chosen,
          hellmonk_ecumenical_altar_heavens_door, kennysheep_decorative_pillar,
          minmay_snake_closets
D:4:      layout_loops_ring, minmay_joined_circles, uniq_natasha
D:5:      layout_basic, nicolae_overflow_hidden_temple, uniq_pikel

Skill      XL: |  1  2  3  4  5  6  7  8 |
---------------+-------------------------+-----
Axes           | 3 4 5 6 7 9 |  9.2
Fighting       | 4 |  4.7
Armour         | 4 5 |  5.1
Shields        | 4 5 |  5.0
Throwing       | 1 |  1.0

Action                   |  1- 3 |  4- 6 |  7- 9 || total
-------------------------+-------+-------+-------++-------
Melee: War axe           |    90 |   150 |   122 ||   362
Throw: Dart              |       |    11 |     1 ||    12
       Boomerang         |       |       |    19 ||    19
  Use: Scroll            |     5 |     1 |     8 ||    14
       Potion            |       |     1 |     3 ||     4
Armor: Scale mail        |    49 |    72 |    21 ||   142
       Chain mail        |       |       |    41 ||    41
Dodge: Dodged            |    29 |    56 |    36 ||   121
Block: Kite shield       |    44 |    89 |    64 ||   197

Table legend: (Time is in decaauts)
 A = Elapsed time spent in this place.
 B = Non-inter-level travel time spent in this place.
 C = Inter-level travel time spent in this place.
 D = Time resting spent in this place.
 E = Time spent auto-exploring this place.
 F = Levels seen in this place.
 G = Mean time per level.
                   A        B        C        D        E       F      G
               +--------+--------+--------+--------+--------+-----+--------+
         Total |   4864 |   4774 |     90 |    918 |   2998 |   5 |  972.8 |
       Dungeon |   4864 |   4774 |     90 |    918 |   2998 |   5 |  972.8 |
               +--------+--------+--------+--------+--------+-----+--------+

Top non-repeatable levels by time:
     D:3: 1230 daAuts
     D:4: 1171 daAuts
     D:2: 1066 daAuts
     D:1: 916 daAuts
     D:5: 480 daAuts
